Flyers vs Golden Knights

Created - 25 mars 2020 at 16:48

Goals
1 2 3 T
Flyers 1 1 1 3
Golden Knights 2 2 2 6
Shots
1 2 3 T
Flyers 9 11 15 35
Golden Knights 17 15 10 42

1st period

1. Golden Knights , Brock Boeser 30 (Blake Coleman 22) at 1:31 (PP)
2. Golden Knights , Phil Kessel 37 (Evgeni Malkin 52, Derek Stepan 34) at 4:49
3. Flyers , Leon Draisaitl 25 (Patrick Kane 37, Vincent Trocheck 26) at 15:28

Penalties :
Mike Matheson (PHI) for Hooking (Minor) at 1:16

2nd period

4. Golden Knights , Patrik Berglund 5 (Drake Caggiula 5, Dustin Byfuglien 36) at 2:19
5. Flyers , Travis Zajac 25 (Filip Forsberg 19, Travis Konecny 25) at 3:15
6. Golden Knights , P.K. Subban 6 (Blake Coleman 23, Brock Boeser 36) at 8:18

Penalties :
Nikita Zadorov (PHI) for Hooking (Minor) at 9:41, Dustin Byfuglien (VGK) for Tripping (Minor) at 18:13

3rd period

7. Golden Knights , Phil Kessel 38 (Evgeni Malkin 53) at 10:44
8. Flyers , Patrick Kane 38 (Leon Draisaitl 44, Vincent Trocheck 27) at 11:59
9. Golden Knights , P.K. Subban 7 (Evgeni Malkin 54, Dustin Byfuglien 37) at 13:55

Penalties :
No Penalty

Goalie Stats

Matt Murray (PHI), 36 saves from 42 shots - (0,857), L, 29-18-5, 60:00 minutes
Louis Domingue (VGK), 32 saves from 35 shots - (0,914), W, 5-5-2, 60:00 minutes

Players Stats for Flyers

Player Name              G  A  P  +/- PIM S  H  SB GA TA FO     MP     PP MP  PK MP  
------------------------------------------------------------------------------------
Brandon Montour          0  0  0   1  0   0  2  1  0  1  0/0    22:07   0:46   1:31 
Calle Jarnkrok           0  0  0  -1  0   0  1  0  0  2  1/2    10:17   0:00   1:08 
Casey Cizikas            0  0  0  -2  0   1  1  0  2  0  6/9    14:37   0:00   0:26 
Filip Forsberg           0  1  1  -1  0   9  1  0  3  0  0/1    17:00   0:49   0:35 
Jakub Vrana              0  0  0  -2  0   2  0  0  1  1  0/0    13:46   0:00   0:00 
Kevin Fiala              0  0  0  -1  0   2  2  0  0  0  0/0     8:44   0:00   0:00 
Kevin Labanc             0  0  0  -1  0   0  0  0  0  0  1/1     8:44   0:00   0:00 
Leon Draisaitl           1  1  2   2  0   4  1  0  0  1  21/30  18:57   1:10   0:31 
Martin Necas             0  0  0  -2  0   2  0  1  1  0  0/0    15:27   1:13   0:00 
Mike Matheson            0  0  0  -2  2   0  1  1  0  0  0/0    20:09   0:00   1:05 
Nikita Zadorov           0  0  0  -1  2   0  1  1  0  0  0/0    16:31   0:00   0:02 
Patrick Kane             1  1  2   2  0   2  0  0  3  0  0/3    18:26   1:10   0:00 
Rasmus Ristolainen       0  0  0   1  0   0  0  1  0  2  0/0    22:27   1:13   0:43 
T.J. Brodie              0  0  0  -1  0   0  0  1  0  1  0/0    17:18   0:00   1:07 
Travis Konecny           0  1  1  -1  0   5  1  0  0  2  1/2    16:39   0:49   0:14 
Travis Zajac             1  0  1  -1  0   3  1  1  0  0  9/18   17:12   0:49   0:47 
Tyson Barrie             0  0  0  -2  0   2  4  0  0  0  0/0    20:10   0:46   0:00 
Vincent Trocheck         0  2  2   2  0   3  1  0  0  1  1/1    19:13   1:10   0:47 

Players Stats for Golden Knights

Player Name              G  A  P  +/- PIM S  H  SB GA TA FO     MP     PP MP  PK MP  
------------------------------------------------------------------------------------
Antoine Roussel          0  0  0   0  0   1  3  0  1  0  0/1    18:25   0:26   0:28 
Austin Watson            0  0  0   0  0   1  0  0  0  0  0/0    15:10   0:38   1:05 
Blake Coleman            0  2  2   0  0   5  1  0  0  0  8/22   19:25   0:30   1:13 
Brock Boeser             1  1  2   0  0   2  0  0  1  1  0/0    18:04   0:33   0:00 
Brooks Orpik             0  0  0   0  0   1  1  3  0  1  0/0    21:24   1:10   0:54 
Byron Froese             0  0  0   0  0   0  2  0  0  0  0/0     7:12   0:00   0:00 
Derek Stepan             0  1  1   2  0   4  1  1  0  2  1/3    19:18   1:13   0:28 
Drake Caggiula           0  1  1   0  0   4  1  1  0  0  1/1     7:27   0:15   0:00 
Dustin Byfuglien         0  2  2   3  2   1  0  0  0  1  0/0    21:15   1:07   0:00 
Evgeni Malkin            0  3  3   2  0   3  3  1  3  0  10/27  18:59   1:13   0:09 
Korbinian Holzer         0  0  0  -1  0   0  5  1  0  1  0/0    15:12   0:00   1:05 
Kris Russell             0  0  0   0  0   2  1  2  0  0  0/0    20:41   0:00   1:05 
Kyle Okposo              0  0  0   0  0   2  1  1  2  0  1/1    13:54   0:38   0:00 
Mark Barberio            0  0  0   0  0   0  0  0  0  0  0/0     0:00   0:00   0:00 
Nic Dowd                 0  0  0   0  0   1  0  1  1  0  4/9    13:16   0:00   0:00 
P.K. Subban              2  0  2   3  0   6  0  1  0  3  0/0    23:24   1:04   0:00 
Patrik Berglund          1  0  1   0  0   1  0  0  0  0  0/0     7:47   0:00   0:35 
Phil Kessel              2  0  2   2  0   7  0  0  3  0  2/3    18:50   1:13   0:00 
Ryan Pulock              0  0  0  -1  0   1  0  0  0  1  0/0    18:17   1:10   0:54 

3 Stars

1 - P.K. Subban (VGK)
2 - Phil Kessel (VGK)
3 - Evgeni Malkin (VGK)

Power Play

Flyers - 0 on 1 Attempt(s) - 0,00%
Golden Knights - 1 on 2 Attempt(s) - 50,00%

Penalty Kill

Flyers - 1 on 2 Attempt(s) - 50,00% - Score 0 goal in Penalty Kill
Golden Knights - 1 on 1 Attempt(s) - 100,00% - Score 0 goal in Penalty Kill

Team Stat

Flyers - Hits : 17 - Faceoff Wins : 40 - Blocked Shots : 7 - Penalty Minutes : 4
Golden Knights - Hits : 19 - Faceoff Wins : 27 - Blocked Shots : 12 - Penalty Minutes : 2

Official

Referees : Graham Skiliter and Garrett Rank
Linesman : Matt MacPherson and Shandor Alphonso

Game Notes

No Game Note

Finance

Level 1 -- Attendance: 6000 (100,00%) -- Ticket Income 450 000 $
Level 2 -- Attendance: 3654 (73,08%) -- Ticket Income 237 510 $
Level 3 -- Attendance: 1566 (78,30%) -- Ticket Income 70 470 $
Level 4 -- Attendance: 2415 (60,38%) -- Ticket Income 84 525 $
Luxury Box -- Attendance: 1000 (100,00%) -- Ticket Income 125 000 $
Game was played at the T-Mobile arena.
Total Attendance: 14635 (81,31%)
Total Ticket Income: 967 505 $
Other Income: 474 077 $
Total Income: 1 441 582 $

Flyers

5 vs 5 Forward 
   Center                   Left Wing                Right Wing               Time % Phy DF OF 
 1 Leon Draisaitl           Vincent Trocheck         Patrick Kane             32     0   3  2  
 2 Travis Zajac             Filip Forsberg           Travis Konecny           28     0   3  2  
 3 Casey Cizikas            Jakub Vrana              Martin Necas             25     0   3  2  
 4 Calle Jarnkrok           Kevin Labanc             Kevin Fiala              15     0   3  2  

5 vs 5 Defense 
   Defense                  Defense                                           Time % Phy DF OF 
 1 Rasmus Ristolainen       Brandon Montour                                   37     0   3  2  
 2 Tyson Barrie             Mike Matheson                                     34     0   3  2  
 3 Nikita Zadorov           T.J. Brodie                                       29     0   4  1  
 4 Tyson Barrie             Rasmus Ristolainen                                0      1   2  2  

PowerPlay Forward 
   Center                   Left Wing                Right Wing               Time % Phy DF OF 
 1 Leon Draisaitl           Vincent Trocheck         Patrick Kane             55     0   0  5  
 2 Travis Zajac             Filip Forsberg           Travis Konecny           45     0   0  5  

PowerPlay Defense
   Defense                  Defense                                           Time % Phy DF OF 
 1 Rasmus Ristolainen       Martin Necas                                      55     0   1  4  
 2 Tyson Barrie             Brandon Montour                                   45     0   1  4  

Penalty Kill 4 Players Forward 
   Center                   Wing                     Time % Phy DF OF 
 1 Calle Jarnkrok           Casey Cizikas            55     1   4  0  
 2 Travis Zajac             Vincent Trocheck         45     1   4  0  

Penalty Kill 4 Players Defense
   Defense                  Defense                  Time % Phy DF OF 
 1 Brandon Montour          T.J. Brodie              50     1   4  0  
 2 Nikita Zadorov           Mike Matheson            50     1   4  0  

Penalty Kill - 3 Players Forward 
   Forward                                           Time % Phy DF OF 
 1 Casey Cizikas                                     55     0   5  0  
 2 Travis Zajac                                      45     0   5  0  

Penalty Kill - 3 Players Defense
   Defense                  Defense                  Time % Phy DF OF 
 1 Brandon Montour          T.J. Brodie              50     0   5  0  
 2 Nikita Zadorov           Mike Matheson            50     0   5  0  

4 vs 4 Forward 
   Center                   Wing                     Time % Phy DF OF 
 1 Leon Draisaitl           Patrick Kane             55     0   2  3  
 2 Vincent Trocheck         Filip Forsberg           45     0   2  3  

4 vs 4 Defense
   Defense                  Defense                  Time % Phy DF OF 
 1 Rasmus Ristolainen       Brandon Montour          55     0   2  3  
 2 Tyson Barrie             T.J. Brodie              45     0   2  3  

Last Minutes Offensive
   Center                   Left Wing                Right Wing               Defense                  Defense                  
   Leon Draisaitl           Filip Forsberg           Patrick Kane             Tyson Barrie             Rasmus Ristolainen       

Last Minutes Defensive
   Center                   Left Wing                Right Wing               Defense                  Defense                  
   Leon Draisaitl           Casey Cizikas            Travis Zajac             Brandon Montour          Rasmus Ristolainen       

Goaltenders
Starting : Matt Murray              
Backup : Casey DeSmith            

Extra Forwards
Normal : Kevin Labanc, Kevin Fiala, Casey Cizikas - PP : Kevin Labanc, Kevin Fiala - PK : Filip Forsberg
Extra Defensemen
Normal : T.J. Brodie, Rasmus Ristolainen, Nikita Zadorov - PP : Mike Matheson - PK : Brandon Montour, Rasmus Ristolainen
Penalty Shots
Patrick Kane, Leon Draisaitl, Jakub Vrana, Vincent Trocheck, Casey Cizikas
Custom OT Lines Forwards
Patrick Kane, Leon Draisaitl, Filip Forsberg, Vincent Trocheck, Casey Cizikas, Martin Necas, Kevin Fiala, Jakub Vrana, Calle Jarnkrok, Travis Zajac
Custom OT Lines Defensemen
Tyson Barrie, Brandon Montour, T.J. Brodie, Mike Matheson, Nikita Zadorov

Scratches
Ryan Hitchcock (Healthy)

Golden Knights

5 vs 5 Forward 
   Center                   Left Wing                Right Wing               Time % Phy DF OF 
 1 Evgeni Malkin            Derek Stepan             Phil Kessel              37     0   1  4  
 2 Blake Coleman            Antoine Roussel          Brock Boeser             36     0   2  3  
 3 Nic Dowd                 Kyle Okposo              Austin Watson            26     0   3  2  
 4 Byron Froese             Drake Caggiula           Patrik Berglund          1      0   3  2  

5 vs 5 Defense 
   Defense                  Defense                                           Time % Phy DF OF 
 1 Dustin Byfuglien         P.K. Subban                                       36     0   1  4  
 2 Kris Russell             Brooks Orpik                                      34     0   2  3  
 3 Ryan Pulock              Korbinian Holzer                                  25     0   3  2  
 4 Ryan Pulock              P.K. Subban                                       5      0   4  1  

PowerPlay Forward 
   Center                   Left Wing                Right Wing               Time % Phy DF OF 
 1 Evgeni Malkin            Derek Stepan             Phil Kessel              55     0   1  4  
 2 Blake Coleman            Antoine Roussel          Brock Boeser             45     0   1  4  

PowerPlay Defense
   Defense                  Defense                                           Time % Phy DF OF 
 1 Dustin Byfuglien         P.K. Subban                                       55     0   2  3  
 2 Ryan Pulock              Brooks Orpik                                      45     0   2  3  

Penalty Kill 4 Players Forward 
   Center                   Wing                     Time % Phy DF OF 
 1 Blake Coleman            Austin Watson            60     0   3  2  
 2 Derek Stepan             Antoine Roussel          40     0   3  2  

Penalty Kill 4 Players Defense
   Defense                  Defense                  Time % Phy DF OF 
 1 Kris Russell             Korbinian Holzer         55     0   4  1  
 2 Ryan Pulock              Brooks Orpik             45     0   4  1  

Penalty Kill - 3 Players Forward 
   Forward                                           Time % Phy DF OF 
 1 Blake Coleman                                     55     0   3  2  
 2 Austin Watson                                     45     0   3  2  

Penalty Kill - 3 Players Defense
   Defense                  Defense                  Time % Phy DF OF 
 1 Kris Russell             Korbinian Holzer         55     0   4  1  
 2 Ryan Pulock              Brooks Orpik             45     0   4  1  

4 vs 4 Forward 
   Center                   Wing                     Time % Phy DF OF 
 1 Evgeni Malkin            Phil Kessel              55     0   2  3  
 2 Derek Stepan             Brock Boeser             45     0   2  3  

4 vs 4 Defense
   Defense                  Defense                  Time % Phy DF OF 
 1 Ryan Pulock              P.K. Subban              55     0   2  3  
 2 Dustin Byfuglien         Brooks Orpik             45     0   2  3  

Last Minutes Offensive
   Center                   Left Wing                Right Wing               Defense                  Defense                  
   Evgeni Malkin            Derek Stepan             Brock Boeser             Dustin Byfuglien         P.K. Subban              

Last Minutes Defensive
   Center                   Left Wing                Right Wing               Defense                  Defense                  
   Evgeni Malkin            Derek Stepan             Antoine Roussel          Ryan Pulock              P.K. Subban              

Goaltenders
Starting : Louis Domingue           
Backup : Connor Hellebuyck        

Extra Forwards
Normal : Kyle Okposo, Austin Watson, Patrik Berglund - PP : Kyle Okposo, Austin Watson - PK : Patrik Berglund
Extra Defensemen
Normal : Kris Russell, Korbinian Holzer, Mark Barberio - PP : Kris Russell - PK : Korbinian Holzer, Mark Barberio
Penalty Shots
Evgeni Malkin, Blake Coleman, Phil Kessel, Brock Boeser, Derek Stepan
Custom OT Lines Forwards
Evgeni Malkin, Blake Coleman, Brock Boeser, Derek Stepan, Phil Kessel, Antoine Roussel, Kyle Okposo, Austin Watson, Byron Froese, Patrik Berglund
Custom OT Lines Defensemen
Ryan Pulock, P.K. Subban, Dustin Byfuglien, Brooks Orpik, Korbinian Holzer

Scratches
Daniel O'Regan (Healthy)

% Time on Ice - Flyers

Lines # - Real PCT - Wanted PCT - Time Play
Normal Forward
1 - 32% - 32% - 17:41
2 - 28% - 28% - 15:36
3 - 25% - 25% - 13:46
4 - 16% - 15% - 8:44
Normal Defense
1 - 36% - 37% - 20:18
2 - 34% - 34% - 19:05
3 - 29% - 29% - 16:05
4 - 1% - 0% - 0:19
PP Forward
1 - 59% - 55% - 1:10
2 - 41% - 45% - 0:49
PP Defense
1 - 61% - 55% - 1:13
2 - 39% - 45% - 0:46
PK Forward
1 - 65% - 55% - 1:27
2 - 35% - 45% - 0:47
PK Defense
1 - 50% - 50% - 1:07
2 - 50% - 50% - 1:07
PK3 Forward
1 - 0% - 55%
2 - 0% - 45%
PK3 Defense
1 - 0% - 50%
2 - 0% - 50%
44 Forward
1 - 0% - 55%
2 - 0% - 45%
44 Defense
1 - 0% - 55%
2 - 0% - 45%
Last Minute Offensive  - 0:00
Last Minute Defensive  - 0:00
Total
Forward - 60:00
Defense - 60:00

% Time on Ice - Golden Knights

Lines # - Real PCT - Wanted PCT - Time Play
Normal Forward
1 - 32% - 37% - 17:48
2 - 31% - 36% - 17:31
3 - 24% - 26% - 13:16
4 - 13% - 1% - 7:12
Normal Defense
1 - 36% - 36% - 20:14
2 - 35% - 34% - 19:20
3 - 25% - 25% - 13:51
4 - 4% - 5% - 2:22
PP Forward
1 - 75% - 55% - 1:41
2 - 25% - 45% - 0:33
PP Defense
1 - 48% - 55% - 1:04
2 - 52% - 45% - 1:10
PK Forward
1 - 76% - 60% - 1:31
2 - 24% - 40% - 0:28
PK Defense
1 - 55% - 55% - 1:05
2 - 45% - 45% - 0:54
PK3 Forward
1 - 0% - 55%
2 - 0% - 45%
PK3 Defense
1 - 0% - 55%
2 - 0% - 45%
44 Forward
1 - 0% - 55%
2 - 0% - 45%
44 Defense
1 - 0% - 55%
2 - 0% - 45%
Last Minute Offensive  - 0:00
Last Minute Defensive  - 0:00
Total
Forward - 60:00
Defense - 60:00

Play-by-Play

1st period


0:01 of 1st period - Leon Draisaitl wins face-off versus Evgeni Malkin in neutral zone.
1:16 of 1st period - Minor Penalty to Mike Matheson for Hooking.
1:17 of 1st period - Calle Jarnkrok wins face-off versus Evgeni Malkin in Flyers zone.
1:29 of 1st period - Wrist shot by Phil Kessel.
1:29 of 1st period - Stopped by Matt Murray without a rebound.
1:30 of 1st period - Blake Coleman wins face-off versus Travis Zajac in Flyers zone.
1:31 of 1st period - Snap shot by Brock Boeser.
1:31 of 1st period - Goal by Brock Boeser - Flyers : 0 - Golden Knights : 1.
1:32 of 1st period - Phil Kessel wins face-off versus Leon Draisaitl in neutral zone.
1:51 of 1st period - Vincent Trocheck is hit by Evgeni Malkin and loses puck.
2:12 of 1st period - Snap shot by Filip Forsberg.
2:12 of 1st period - Stopped by Louis Domingue with a rebound.
3:56 of 1st period - Off-side.
3:57 of 1st period - Casey Cizikas wins face-off versus Blake Coleman in neutral zone.
4:02 of 1st period - Slapshot by Jakub Vrana.
4:02 of 1st period - Deflect By Casey Cizikas.
4:02 of 1st period - Shot Misses the Net.
4:02 of 1st period - Puck is out of play.
4:03 of 1st period - Casey Cizikas wins face-off versus Antoine Roussel in Golden Knights zone.
4:26 of 1st period - Nikita Zadorov is hit by Blake Coleman and loses puck.
4:37 of 1st period - Snap shot by Blake Coleman.
4:37 of 1st period - Stopped by Matt Murray with a rebound.
4:39 of 1st period - Wrist shot by Blake Coleman.
4:39 of 1st period - Stopped by Matt Murray without a rebound.
4:40 of 1st period - Travis Konecny wins face-off versus Derek Stepan in Flyers zone.
4:49 of 1st period - Wrist shot by Phil Kessel.
4:49 of 1st period - Goal by Phil Kessel - Flyers : 0 - Golden Knights : 2.
4:50 of 1st period - Leon Draisaitl wins face-off versus Nic Dowd in neutral zone.
4:53 of 1st period - Austin Watson is hit by Leon Draisaitl and loses puck.
5:25 of 1st period - Mike Matheson is hit by Evgeni Malkin and loses puck.
5:58 of 1st period - Wrist shot by Drake Caggiula.
5:58 of 1st period - Stopped by Matt Murray with a rebound.
6:04 of 1st period - Slapshot by Patrik Berglund.
6:04 of 1st period - Shot Blocked by Brandon Montour.
6:55 of 1st period - Slapshot by Patrick Kane.
6:55 of 1st period - Shot Misses the Net.
7:07 of 1st period - Slapshot by Drake Caggiula.
7:07 of 1st period - Stopped by Matt Murray with a rebound.
7:09 of 1st period - Backhand shot by P.K. Subban.
7:09 of 1st period - Stopped by Matt Murray without a rebound.
7:10 of 1st period - Drake Caggiula wins face-off versus Travis Zajac in Flyers zone.
7:19 of 1st period - Slapshot by P.K. Subban.
7:19 of 1st period - Deflect By Drake Caggiula.
7:19 of 1st period - Stopped by Matt Murray with a rebound.
7:21 of 1st period - Slapshot by P.K. Subban.
7:21 of 1st period - Shot Misses the Net.
7:25 of 1st period - Slapshot by Dustin Byfuglien.
7:25 of 1st period - Stopped by Matt Murray with a rebound.
7:35 of 1st period - Dustin Byfuglien is hit by Mike Matheson and loses puck.
8:02 of 1st period - Dustin Byfuglien is hit by Casey Cizikas and loses puck.
9:03 of 1st period - Wrist shot by Jakub Vrana.
9:03 of 1st period - Shot Misses the Net.
9:05 of 1st period - Snap shot by Casey Cizikas.
9:05 of 1st period - Stopped by Louis Domingue without a rebound.
9:06 of 1st period - Evgeni Malkin wins face-off versus Casey Cizikas in Golden Knights zone.
9:12 of 1st period - Off-side.
9:13 of 1st period - Travis Zajac wins face-off versus Evgeni Malkin in neutral zone.
9:16 of 1st period - Snap shot by Travis Zajac.
9:16 of 1st period - Shot Blocked by Evgeni Malkin.
9:42 of 1st period - Slapshot by Phil Kessel.
9:42 of 1st period - Deflect By Derek Stepan.
9:42 of 1st period - Stopped by Matt Murray with a rebound.
9:48 of 1st period - Snap shot by Phil Kessel.
9:48 of 1st period - Deflect By Brandon Montour.
9:48 of 1st period - Stopped by Matt Murray without a rebound.
9:49 of 1st period - Blake Coleman wins face-off versus Leon Draisaitl in Flyers zone.
10:16 of 1st period - Korbinian Holzer is hit by Kevin Fiala and loses puck.
10:56 of 1st period - Brooks Orpik is hit by Tyson Barrie and loses puck.
11:01 of 1st period - Wrist shot by Filip Forsberg.
11:01 of 1st period - Stopped by Louis Domingue without a rebound.
11:02 of 1st period - Travis Zajac wins face-off versus Blake Coleman in Golden Knights zone.
11:09 of 1st period - Filip Forsberg is hit by Korbinian Holzer and loses puck.
11:28 of 1st period - Vincent Trocheck is hit by Derek Stepan and loses puck.
11:57 of 1st period - Snap shot by Jakub Vrana.
11:57 of 1st period - Stopped by Louis Domingue without a rebound.
11:58 of 1st period - Blake Coleman wins face-off versus Travis Zajac in Golden Knights zone.
13:00 of 1st period - Martin Necas is hit by Kyle Okposo.
14:16 of 1st period - Snap shot by Jakub Vrana.
14:16 of 1st period - Stopped by Louis Domingue with a rebound.
14:18 of 1st period - Snap shot by Tyson Barrie.
14:18 of 1st period - Stopped by Louis Domingue with a rebound.
14:32 of 1st period - Slapshot by Kyle Okposo.
14:32 of 1st period - Shot Misses the Net.
14:53 of 1st period - Wrist shot by Phil Kessel.
14:53 of 1st period - Stopped by Matt Murray without a rebound.
14:54 of 1st period - Evgeni Malkin wins face-off versus Travis Zajac in Flyers zone.
15:10 of 1st period - T.J. Brodie is hit by Kris Russell and loses puck.
15:15 of 1st period - Snap shot by Evgeni Malkin.
15:15 of 1st period - Stopped by Matt Murray without a rebound.
15:16 of 1st period - Leon Draisaitl wins face-off versus Blake Coleman in Flyers zone.
15:21 of 1st period - Vincent Trocheck is hit by Antoine Roussel and loses puck.
15:28 of 1st period - Snap shot by Leon Draisaitl.
15:28 of 1st period - Goal by Leon Draisaitl - Flyers : 1 - Golden Knights : 2.
15:29 of 1st period - Leon Draisaitl wins face-off versus Evgeni Malkin in neutral zone.
15:34 of 1st period - Wrist shot by Leon Draisaitl.
15:34 of 1st period - Stopped by Louis Domingue without a rebound.
15:35 of 1st period - Leon Draisaitl wins face-off versus Evgeni Malkin in Golden Knights zone.
16:28 of 1st period - Slapshot by P.K. Subban.
16:28 of 1st period - Deflect By Kyle Okposo.
16:28 of 1st period - Shot Blocked by Travis Zajac.
16:28 of 1st period - Puck is out of play.
16:29 of 1st period - Kyle Okposo wins face-off versus Patrick Kane in Flyers zone.
16:34 of 1st period - Snap shot by Kyle Okposo.
16:34 of 1st period - Stopped by Matt Murray without a rebound.
16:35 of 1st period - Leon Draisaitl wins face-off versus Blake Coleman in Flyers zone.
16:45 of 1st period - Brooks Orpik is hit by Vincent Trocheck and loses puck.
17:48 of 1st period - Snap shot by Jakub Vrana.
17:48 of 1st period - Shot Blocked by Drake Caggiula.
17:50 of 1st period - Slapshot by Tyson Barrie.
17:50 of 1st period - Deflect By Martin Necas.
17:50 of 1st period - Stopped by Louis Domingue without a rebound.
17:51 of 1st period - Casey Cizikas wins face-off versus Evgeni Malkin in Golden Knights zone.
18:08 of 1st period - Slapshot by Phil Kessel.
18:08 of 1st period - Shot Misses the Net.
18:18 of 1st period - Jakub Vrana is hit by Korbinian Holzer and loses puck.
18:55 of 1st period - Brandon Montour is hit by Korbinian Holzer.
19:18 of 1st period - Slapshot by Nic Dowd.
19:18 of 1st period - Stopped by Matt Murray without a rebound.
19:19 of 1st period - Blake Coleman wins face-off versus Leon Draisaitl in Flyers zone.
19:26 of 1st period - Wrist shot by Antoine Roussel.
19:26 of 1st period - Stopped by Matt Murray without a rebound.
19:27 of 1st period - Blake Coleman wins face-off versus Leon Draisaitl in Flyers zone.
Goals for this period are 1 for Flyers vs 2 for Golden Knights.
Shots for this period are 9 for Flyers vs 17 for Golden Knights.

2nd period


0:01 of 2nd period - Leon Draisaitl wins face-off versus Blake Coleman in neutral zone.
0:31 of 2nd period - Wrist shot by Derek Stepan.
0:31 of 2nd period - Shot Misses the Net.
0:33 of 2nd period - Backhand shot by Evgeni Malkin.
0:33 of 2nd period - Shot Misses the Net.
0:46 of 2nd period - Icing by Evgeni Malkin.
0:47 of 2nd period - Kevin Labanc wins face-off versus Nic Dowd in Golden Knights zone.
1:00 of 2nd period - Snap shot by Kevin Fiala.
1:00 of 2nd period - Stopped by Louis Domingue without a rebound.
1:01 of 2nd period - Blake Coleman wins face-off versus Leon Draisaitl in Golden Knights zone.
1:35 of 2nd period - Snap shot by Travis Zajac.
1:35 of 2nd period - Stopped by Louis Domingue with a rebound.
1:37 of 2nd period - Slapshot by T.J. Brodie.
1:37 of 2nd period - Shot Misses the Net.
2:17 of 2nd period - Snap shot by Drake Caggiula.
2:17 of 2nd period - Shot Misses the Net.
2:19 of 2nd period - Snap shot by Patrik Berglund.
2:19 of 2nd period - Goal by Patrik Berglund - Flyers : 1 - Golden Knights : 3.
2:20 of 2nd period - Leon Draisaitl wins face-off versus Blake Coleman in neutral zone.
2:23 of 2nd period - Wrist shot by Vincent Trocheck.
2:23 of 2nd period - Shot Misses the Net.
2:25 of 2nd period - Snap shot by Brandon Montour.
2:25 of 2nd period - Shot Misses the Net.
2:49 of 2nd period - Off-side.
2:50 of 2nd period - Travis Zajac wins face-off versus Evgeni Malkin in neutral zone.
3:09 of 2nd period - Snap shot by Travis Konecny.
3:09 of 2nd period - Shot Misses the Net.
3:11 of 2nd period - Wrist shot by Travis Konecny.
3:11 of 2nd period - Shot Blocked by Kris Russell.
3:13 of 2nd period - Snap shot by Filip Forsberg.
3:13 of 2nd period - Shot Blocked by Brooks Orpik.
3:15 of 2nd period - Snap shot by Travis Zajac.
3:15 of 2nd period - Deflect By Derek Stepan.
3:15 of 2nd period - Goal by Travis Zajac - Flyers : 2 - Golden Knights : 3.
3:16 of 2nd period - Leon Draisaitl wins face-off versus Blake Coleman in neutral zone.
3:26 of 2nd period - Snap shot by Patrick Kane.
3:26 of 2nd period - Stopped by Louis Domingue with a rebound.
4:03 of 2nd period - Calle Jarnkrok is hit by Byron Froese and loses puck.
4:08 of 2nd period - Wrist shot by Drake Caggiula.
4:08 of 2nd period - Stopped by Matt Murray with a rebound.
4:26 of 2nd period - Snap shot by Filip Forsberg.
4:26 of 2nd period - Deflect By Travis Konecny.
4:26 of 2nd period - Shot Misses the Net.
4:26 of 2nd period - Puck is out of play.
4:27 of 2nd period - Travis Zajac wins face-off versus Nic Dowd in Golden Knights zone.
4:59 of 2nd period - Snap shot by Brock Boeser.
4:59 of 2nd period - Stopped by Matt Murray with a rebound.
5:01 of 2nd period - Backhand shot by Brock Boeser.
5:01 of 2nd period - Shot Blocked by Nikita Zadorov.
5:03 of 2nd period - Slapshot by P.K. Subban.
5:03 of 2nd period - Stopped by Matt Murray with a rebound.
5:13 of 2nd period - Wrist shot by Derek Stepan.
5:13 of 2nd period - Stopped by Matt Murray with a rebound.
5:15 of 2nd period - Slapshot by Ryan Pulock.
5:15 of 2nd period - Shot Blocked by T.J. Brodie.
5:17 of 2nd period - Slapshot by Phil Kessel.
5:17 of 2nd period - Stopped by Matt Murray without a rebound.
5:18 of 2nd period - Phil Kessel wins face-off versus Casey Cizikas in Flyers zone.
6:27 of 2nd period - Blake Coleman is hit by Tyson Barrie and loses puck.
6:34 of 2nd period - Jakub Vrana is hit by Antoine Roussel and loses puck.
6:45 of 2nd period - Snap shot by Martin Necas.
6:45 of 2nd period - Stopped by Louis Domingue with a rebound.
6:53 of 2nd period - Martin Necas is hit by Antoine Roussel and loses puck.
7:04 of 2nd period - Wrist shot by Brock Boeser.
7:04 of 2nd period - Shot Blocked by Martin Necas.
7:18 of 2nd period - Slapshot by Tyson Barrie.
7:18 of 2nd period - Deflect By Dustin Byfuglien.
7:18 of 2nd period - Stopped by Louis Domingue with a rebound.
8:12 of 2nd period - Wrist shot by Blake Coleman.
8:12 of 2nd period - Stopped by Matt Murray with a rebound.
8:16 of 2nd period - Snap shot by Blake Coleman.
8:16 of 2nd period - Stopped by Matt Murray with a rebound.
8:18 of 2nd period - Slapshot by P.K. Subban.
8:18 of 2nd period - Goal by P.K. Subban - Flyers : 2 - Golden Knights : 4.
8:19 of 2nd period - Leon Draisaitl wins face-off versus Phil Kessel in neutral zone.
8:47 of 2nd period - Off-side.
8:48 of 2nd period - Nic Dowd wins face-off versus Travis Zajac in neutral zone.
8:57 of 2nd period - Wrist shot by Austin Watson.
8:57 of 2nd period - Stopped by Matt Murray without a rebound.
8:58 of 2nd period - Leon Draisaitl wins face-off versus Evgeni Malkin in Flyers zone.
9:25 of 2nd period - Slapshot by Vincent Trocheck.
9:25 of 2nd period - Stopped by Louis Domingue with a rebound.
9:35 of 2nd period - Slapshot by Kyle Okposo.
9:35 of 2nd period - Stopped by Matt Murray with a rebound.
9:41 of 2nd period - Minor Penalty to Nikita Zadorov for Hooking.
9:42 of 2nd period - Evgeni Malkin wins face-off versus Travis Zajac in Flyers zone.
10:09 of 2nd period - Dustin Byfuglien is hit by Brandon Montour and loses puck.
10:16 of 2nd period - Brandon Montour is hit by Brooks Orpik and loses puck.
11:41 of 2nd period - Penalty to Nikita Zadorov is over, Nikita Zadorov is back on ice.
12:22 of 2nd period - Icing by Tyson Barrie.
12:23 of 2nd period - Blake Coleman wins face-off versus Travis Zajac in Flyers zone.
13:20 of 2nd period - Backhand shot by Drake Caggiula.
13:20 of 2nd period - Shot Misses the Net.
13:22 of 2nd period - Slapshot by Kris Russell.
13:22 of 2nd period - Deflect By Nikita Zadorov.
13:22 of 2nd period - Stopped by Matt Murray with a rebound.
13:24 of 2nd period - Snap shot by Brooks Orpik.
13:24 of 2nd period - Stopped by Matt Murray without a rebound.
13:25 of 2nd period - Leon Draisaitl wins face-off versus Evgeni Malkin in Flyers zone.
13:39 of 2nd period - Off-side.
13:40 of 2nd period - Nic Dowd wins face-off versus Travis Zajac in neutral zone.
13:47 of 2nd period - Wrist shot by Filip Forsberg.
13:47 of 2nd period - Shot Misses the Net.
13:49 of 2nd period - Slapshot by Filip Forsberg.
13:49 of 2nd period - Stopped by Louis Domingue without a rebound.
13:50 of 2nd period - Nic Dowd wins face-off versus Filip Forsberg in Golden Knights zone.
14:03 of 2nd period - Snap shot by Travis Konecny.
14:03 of 2nd period - Shot Misses the Net.
14:05 of 2nd period - Slapshot by Travis Zajac.
14:05 of 2nd period - Stopped by Louis Domingue with a rebound.
14:27 of 2nd period - P.K. Subban is hit by Travis Konecny and loses puck.
15:20 of 2nd period - Slapshot by Brandon Montour.
15:20 of 2nd period - Shot Misses the Net.
15:22 of 2nd period - Wrist shot by Travis Konecny.
15:22 of 2nd period - Shot Blocked by Kyle Okposo.
15:24 of 2nd period - Slapshot by Travis Konecny.
15:24 of 2nd period - Stopped by Louis Domingue without a rebound.
15:25 of 2nd period - Leon Draisaitl wins face-off versus Derek Stepan in Golden Knights zone.
15:30 of 2nd period - Snap shot by Leon Draisaitl.
15:30 of 2nd period - Stopped by Louis Domingue with a rebound.
16:17 of 2nd period - T.J. Brodie is hit by Byron Froese and loses puck.
16:37 of 2nd period - T.J. Brodie is hit by Korbinian Holzer and loses puck.
17:11 of 2nd period - Korbinian Holzer is hit by Nikita Zadorov and loses puck.
17:22 of 2nd period - Antoine Roussel is hit by Tyson Barrie and loses puck.
17:45 of 2nd period - Snap shot by Blake Coleman.
17:45 of 2nd period - Stopped by Matt Murray without a rebound.
17:46 of 2nd period - Evgeni Malkin wins face-off versus Leon Draisaitl in Flyers zone.
17:49 of 2nd period - Wrist shot by Derek Stepan.
17:49 of 2nd period - Stopped by Matt Murray without a rebound.
17:50 of 2nd period - Evgeni Malkin wins face-off versus Leon Draisaitl in Flyers zone.
18:13 of 2nd period - Minor Penalty to Dustin Byfuglien for Tripping.
18:14 of 2nd period - Blake Coleman wins face-off versus Leon Draisaitl in Golden Knights zone.
19:27 of 2nd period - Rasmus Ristolainen is hit by Korbinian Holzer and loses puck.
Goals for this period are 1 for Flyers vs 2 for Golden Knights.
Shots for this period are 11 for Flyers vs 15 for Golden Knights.

3rd period


0:01 of 3rd period - Leon Draisaitl wins face-off versus Blake Coleman in neutral zone.
0:08 of 3rd period - Slapshot by Patrick Kane.
0:08 of 3rd period - Shot Misses the Net.
0:13 of 3rd period - Penalty to Dustin Byfuglien is over, Dustin Byfuglien is back on ice.
0:27 of 3rd period - Rasmus Ristolainen is hit by Evgeni Malkin and loses puck.
0:34 of 3rd period - Snap shot by Derek Stepan.
0:34 of 3rd period - Shot Misses the Net.
0:36 of 3rd period - Slapshot by Phil Kessel.
0:36 of 3rd period - Shot Blocked by Rasmus Ristolainen.
0:38 of 3rd period - Wrist shot by P.K. Subban.
0:38 of 3rd period - Stopped by Matt Murray with a rebound.
0:40 of 3rd period - Wrist shot by Ryan Pulock.
0:40 of 3rd period - Stopped by Matt Murray without a rebound.
0:41 of 3rd period - Leon Draisaitl wins face-off versus Blake Coleman in Flyers zone.
1:18 of 3rd period - Snap shot by Travis Konecny.
1:18 of 3rd period - Stopped by Louis Domingue without a rebound.
1:19 of 3rd period - Vincent Trocheck wins face-off versus Nic Dowd in Golden Knights zone.
1:52 of 3rd period - Wrist shot by Filip Forsberg.
1:52 of 3rd period - Stopped by Louis Domingue without a rebound.
1:53 of 3rd period - Travis Zajac wins face-off versus Evgeni Malkin in Golden Knights zone.
1:58 of 3rd period - Wrist shot by Travis Konecny.
1:58 of 3rd period - Stopped by Louis Domingue without a rebound.
1:59 of 3rd period - Evgeni Malkin wins face-off versus Patrick Kane in Golden Knights zone.
2:50 of 3rd period - Drake Caggiula is hit by Tyson Barrie and loses puck.
3:14 of 3rd period - Wrist shot by Jakub Vrana.
3:14 of 3rd period - Shot Blocked by Korbinian Holzer.
3:16 of 3rd period - Wrist shot by Nikita Zadorov.
3:16 of 3rd period - Shot Blocked by Nic Dowd.
4:23 of 3rd period - Wrist shot by Filip Forsberg.
4:23 of 3rd period - Stopped by Louis Domingue without a rebound.
4:24 of 3rd period - Leon Draisaitl wins face-off versus Evgeni Malkin in Golden Knights zone.
4:35 of 3rd period - Wrist shot by Patrick Kane.
4:35 of 3rd period - Shot Misses the Net.
4:37 of 3rd period - Snap shot by Vincent Trocheck.
4:37 of 3rd period - Stopped by Louis Domingue without a rebound.
4:38 of 3rd period - Evgeni Malkin wins face-off versus Patrick Kane in Golden Knights zone.
4:40 of 3rd period - Icing by Phil Kessel.
4:41 of 3rd period - Evgeni Malkin wins face-off versus Leon Draisaitl in Golden Knights zone.
5:49 of 3rd period - Slapshot by Byron Froese.
5:49 of 3rd period - Shot Misses the Net.
5:51 of 3rd period - Slapshot by Patrik Berglund.
5:51 of 3rd period - Shot Blocked by Mike Matheson.
5:53 of 3rd period - Slapshot by Kris Russell.
5:53 of 3rd period - Stopped by Matt Murray without a rebound.
5:54 of 3rd period - Leon Draisaitl wins face-off versus Evgeni Malkin in Flyers zone.
6:51 of 3rd period - Slapshot by Kevin Fiala.
6:51 of 3rd period - Stopped by Louis Domingue without a rebound.
6:52 of 3rd period - Nic Dowd wins face-off versus Calle Jarnkrok in Golden Knights zone.
6:52 of 3rd period - Nic Dowd is hit by Kevin Fiala.
7:08 of 3rd period - Slapshot by Kyle Okposo.
7:08 of 3rd period - Shot Misses the Net.
7:34 of 3rd period - Wrist shot by Kevin Labanc.
7:34 of 3rd period - Deflect By Kevin Fiala.
7:34 of 3rd period - Shot Misses the Net.
7:34 of 3rd period - Puck is out of play.
7:35 of 3rd period - Leon Draisaitl wins face-off versus Evgeni Malkin in Golden Knights zone.
9:05 of 3rd period - P.K. Subban is hit by Calle Jarnkrok and loses puck.
9:32 of 3rd period - P.K. Subban is hit by Travis Zajac and loses puck.
9:37 of 3rd period - Wrist shot by Filip Forsberg.
9:37 of 3rd period - Stopped by Louis Domingue with a rebound.
9:39 of 3rd period - Snap shot by Travis Konecny.
9:39 of 3rd period - Stopped by Louis Domingue with a rebound.
10:19 of 3rd period - Korbinian Holzer is hit by Brandon Montour and loses puck.
10:44 of 3rd period - Snap shot by Phil Kessel.
10:44 of 3rd period - Goal by Phil Kessel - Flyers : 2 - Golden Knights : 5.
10:45 of 3rd period - Leon Draisaitl wins face-off versus Blake Coleman in neutral zone.
11:16 of 3rd period - Snap shot by Travis Konecny.
11:16 of 3rd period - Shot Blocked by Brooks Orpik.
11:18 of 3rd period - Slapshot by Brandon Montour.
11:18 of 3rd period - Shot Misses the Net.
11:20 of 3rd period - Snap shot by Filip Forsberg.
11:20 of 3rd period - Stopped by Louis Domingue without a rebound.
11:21 of 3rd period - Casey Cizikas wins face-off versus Evgeni Malkin in Golden Knights zone.
11:34 of 3rd period - Wrist shot by Martin Necas.
11:34 of 3rd period - Shot Misses the Net.
11:48 of 3rd period - Vincent Trocheck is hit by Drake Caggiula and loses puck.
11:59 of 3rd period - Snap shot by Patrick Kane.
11:59 of 3rd period - Goal by Patrick Kane - Flyers : 3 - Golden Knights : 5.
12:00 of 3rd period - Leon Draisaitl wins face-off versus Blake Coleman in neutral zone.
12:25 of 3rd period - Derek Stepan is hit by Filip Forsberg and loses puck.
13:53 of 3rd period - Wrist shot by Evgeni Malkin.
13:53 of 3rd period - Stopped by Matt Murray with a rebound.
13:55 of 3rd period - Slapshot by P.K. Subban.
13:55 of 3rd period - Goal by P.K. Subban - Flyers : 3 - Golden Knights : 6.
13:56 of 3rd period - Evgeni Malkin wins face-off versus Travis Zajac in neutral zone.
15:12 of 3rd period - Wrist shot by Kevin Fiala.
15:12 of 3rd period - Shot Blocked by P.K. Subban.
15:14 of 3rd period - Wrist shot by Kevin Labanc.
15:14 of 3rd period - Shot Misses the Net.
15:26 of 3rd period - Slapshot by Tyson Barrie.
15:26 of 3rd period - Shot Misses the Net.
15:28 of 3rd period - Snap shot by Travis Konecny.
15:28 of 3rd period - Shot Misses the Net.
15:30 of 3rd period - Slapshot by Tyson Barrie.
15:30 of 3rd period - Deflect By Travis Zajac.
15:30 of 3rd period - Shot Blocked by Derek Stepan.
15:30 of 3rd period - Puck is out of play.
15:31 of 3rd period - Travis Zajac wins face-off versus Blake Coleman in Golden Knights zone.
15:39 of 3rd period - Icing by Brock Boeser.
15:40 of 3rd period - Leon Draisaitl wins face-off versus Blake Coleman in Golden Knights zone.
16:40 of 3rd period - Slapshot by Patrick Kane.
16:40 of 3rd period - Shot Blocked by Kris Russell.
16:42 of 3rd period - Snap shot by Vincent Trocheck.
16:42 of 3rd period - Stopped by Louis Domingue with a rebound.
16:44 of 3rd period - Wrist shot by Vincent Trocheck.
16:44 of 3rd period - Deflect By Leon Draisaitl.
16:44 of 3rd period - Shot Blocked by Brooks Orpik.
16:44 of 3rd period - Puck is out of play.
16:45 of 3rd period - Casey Cizikas wins face-off versus Evgeni Malkin in Golden Knights zone.
16:56 of 3rd period - Snap shot by Evgeni Malkin.
16:56 of 3rd period - Deflect By Derek Stepan.
16:56 of 3rd period - Deflect By Rasmus Ristolainen.
16:56 of 3rd period - Stopped by Matt Murray with a rebound.
16:58 of 3rd period - Snap shot by Evgeni Malkin.
16:58 of 3rd period - Stopped by Matt Murray with a rebound.
17:00 of 3rd period - Snap shot by Phil Kessel.
17:00 of 3rd period - Stopped by Matt Murray without a rebound.
17:01 of 3rd period - Travis Zajac wins face-off versus Nic Dowd in Flyers zone.
17:12 of 3rd period - Snap shot by Filip Forsberg.
17:12 of 3rd period - Stopped by Louis Domingue with a rebound.
17:14 of 3rd period - Wrist shot by Travis Konecny.
17:14 of 3rd period - Stopped by Louis Domingue without a rebound.
17:15 of 3rd period - Casey Cizikas wins face-off versus Evgeni Malkin in Golden Knights zone.
17:56 of 3rd period - Icing by Brock Boeser.
17:57 of 3rd period - Travis Zajac wins face-off versus Blake Coleman in Golden Knights zone.
17:58 of 3rd period - Slapshot by Filip Forsberg.
17:58 of 3rd period - Stopped by Louis Domingue without a rebound.
17:59 of 3rd period - Travis Zajac wins face-off versus Evgeni Malkin in Golden Knights zone.
19:00 of 3rd period - Snap shot by Leon Draisaitl.
19:00 of 3rd period - Stopped by Louis Domingue with a rebound.
19:30 of 3rd period - Slapshot by P.K. Subban.
19:30 of 3rd period - Stopped by Matt Murray without a rebound.
19:31 of 3rd period - Derek Stepan wins face-off versus Casey Cizikas in Flyers zone.
19:38 of 3rd period - Snap shot by Jakub Vrana.
19:38 of 3rd period - Shot Misses the Net.
19:40 of 3rd period - Slapshot by T.J. Brodie.
19:40 of 3rd period - Deflect By Martin Necas.
19:40 of 3rd period - Shot Misses the Net.
19:40 of 3rd period - Puck is out of play.
19:41 of 3rd period - Evgeni Malkin wins face-off versus Travis Konecny in Golden Knights zone.
19:52 of 3rd period - Wrist shot by Phil Kessel.
19:52 of 3rd period - Shot Misses the Net.
Goals for this period are 1 for Flyers vs 2 for Golden Knights.
Shots for this period are 15 for Flyers vs 10 for Golden Knights.